 Dungeon Crawl Stone Soup version 0.31-a0-506-g3d79149578 (webtiles) character file.

Game seed: 9783971343609922763

39213 Ethylacetat the Fighter (level 14, -1/103 HPs)
             Began as an Octopode Gladiator on Aug 9, 2023.
             Was an Initiate of Gozag.
             Killed from afar by an ironbound frostheart (38 damage)
             ... by creeping frost
             ... on level 14 of the Dungeon.
             The game lasted 00:46:25 (13322 turns).

Ethylacetat the Fighter (Octopode Gladiator)       Turns: 13322, Time: 00:46:26

Health: -1/103     AC:  3    Str: 18    XL:     14   Next: 5%
Magic:  32/32      EV: 28    Int: 10    God:    Gozag
Gold:   1733       SH: 14    Dex: 28    Spells: 13/13 levels left

rFire   + + .        J - +9 trident of Circularity {speed, *Noise rElec rF++ MP+9}
rCold   . . .        O - +0 kite shield
rNeg    . . .        b - +0 hat
rPois   .            (no amulet)
rElec   +            x - ring of see invisible
rCorr   .            D - ring of willpower
SInv    +            I - +5 ring of evasion
Will    ++...        N - +6 ring of strength
Stlth   +++++        Q - ring of magical power
HPRegen 1.17/turn    P - +6 ring of dexterity
MPRegen 0.23/turn    (no ring)
                     (no ring)

%: no passive effects
@: about to teleport, frozen, gold aura, very slow
A: almost no armour, amphibious, 8 rings, camouflage 1, gelatinous body 1,
(nimble swimmer 1), tentacles, tentacle spike 1, iridescent scales 1, agile 1,
regeneration 1, teleportitis 1
a: Renounce Religion, Potion Petition, Call Merchant, Bribe Branch


You were on level 14 of the Dungeon.
You worshipped Gozag.
Gozag was most pleased with you.
You visited 2 branches of the dungeon, and saw 15 of its levels.
You also visited: Sewer and Ossuary.

You collected 2675 gold pieces.
You spent 232 gold pieces at shops.
You paid 710 gold pieces to Gozag.

Inventory:

Hand Weapons
 r - a +7 war axe of freezing
 y - a +4 halberd
 J - the +9 trident of Circularity (weapon) {speed, *Noise rElec rF++ MP+9}
   (You found it on level 8 of the Dungeon)

   rF++:      It greatly protects you from fire.
   rElec:     It insulates you from electricity.
   MP+9:      It affects your magic capacity (+9).
   *Noise:    It may make noises in combat.
Missiles
 d - 6 javelins
Armour
 b - a +0 hat (worn)
 O - a +0 kite shield (worn)
Jewellery
 x - a ring of see invisible (left tentacle)
 D - a ring of willpower (right tentacle)
 I - a +5 ring of evasion (on tentacle)
 N - a +6 ring of strength (on tentacle)
 P - a +6 ring of dexterity (on tentacle)
 Q - a ring of magical power (on tentacle)
Talismans
 K - a blade talisman
 R - a dragon-blood talisman
Wands
 v - a wand of polymorph (23)
 w - a wand of roots (1)
 T - a wand of charming (1)
 U - a wand of quicksilver (2)
Scrolls
 f - 11 scrolls of identify
 j - 2 scrolls of enchant weapon
 m - a scroll of amnesia {unknown}
 o - 4 scrolls of fog
 q - 3 scrolls of teleportation
 s - 2 scrolls of fear
 t - 4 scrolls of revelation
 u - 2 scrolls of silence {unknown}
 z - 3 scrolls of immolation {unknown}
 A - 2 scrolls of enchant armour {unknown}
 B - a scroll of brand weapon {unknown}
 C - 2 scrolls of blinking {unknown}
 G - 2 scrolls of noise {unknown}
 L - a scroll of poison
 V - a scroll of vulnerability {unknown}
Potions
 a - a potion of invisibility {unknown}
 c - a potion of berserk rage
 e - 2 potions of cancellation
 g - a potion of brilliance {unknown}
 h - 4 potions of curing
 i - 3 potions of ambrosia
 k - a potion of attraction
 l - 3 potions of heal wounds {unknown}
 n - a potion of magic {unknown}
 p - 6 potions of enlightenment
 E - 2 potions of degeneration {unknown}
 F - 3 potions of mutation
 H - a potion of experience {unknown}
 S - a potion of haste
Miscellaneous
 M - a phantom mirror


   Skills:
 + Level 12.0 Fighting
 - Level 4.8 Long Blades
 + Level 10.6 Polearms
 - Level 2.0 Throwing
 - Level 10.6 Dodging
 - Level 7.0 Stealth
 * Level 8.7 Shields
 * Level 9.3 Shapeshifting


You had 13 spell levels left.
You didn't know any spells.
Your spell library contained the following spells:

 Spells                   Type           Power      Damage    Failure   Level
 Wereblood                Tmut           0%         N/A       77%         2
 Dazzling Flash           Conj/Hex       0%         N/A       94%         3
 Gell's Gravitas          Tloc           0%         N/A       94%         3
 Ignite Poison            Fire/Tmut/Pois 0%         N/A       94%         3
 Ozocubu's Armour         Ice            0%         N/A       94%         3
 Teleport Other           Tloc           0%         N/A       94%         3
 Volatile Blastmotes      Fire/Tloc      0%         2d10      94%         3
 Sticky Flame             Conj/Fire      0%         2d3       100%        4
 Borgnjor's Vile Clutch   Necr/Erth      0%         N/A       100%        5
 Irradiate                Conj/Tmut      0%         3d11      100%        5
 Conjure Ball Lightning   Conj/Air       0%         3x3d6     100%        6
 Death Channel            Necr           0%         N/A       100%        6
 Dispersal                Tloc           0%         N/A       100%        6
 Starburst                Conj/Fire      0%         6d3       100%        6
 Malign Gateway           Summ/Tloc      0%         N/A       100%        7
 Ozocubu's Refrigeration  Ice            0%         4d7       100%        7
 Discord                  Hex            0%         N/A       100%        8
 Disjunction              Tloc           0%         N/A       100%        8
 Ignition                 Fire           0%         3d3       100%        8
 Maxwell's Capacitive Co  Air            0%         ∞         100%        8
 Summon Horrible Things   Summ           0%         N/A       100%        8
 Polar Vortex             Ice            0%         N/A       100%        9
 Animate Dead             Necr           Unusable   N/A       N/A         4
 Simulacrum               Ice/Necr       Unusable   N/A       N/A         6

Dungeon Overview and Level Annotations

Branches:
Dungeon (14/15)            Temple (1/1) D:4            Lair (0/5) D:11
    Orc (0/2) D:10          Sewer (visited)         Ossuary (visited)
 Vaults: D:13-14

Altars:
Ashenzari
Cheibriados
Dithmenos
Elyvilon
Fedhas
Gozag
Hepliaklqana
Kikubaaqudgha
Makhleb
Nemelex Xobeh
Okawaru
Qazlal
Ru
Sif Muna
Trog
Uskayaw
Vehumet
Wu Jian
Xom
Yredelemnul
Zin
The Shining One

Shops:
D:7 *   D:11 *   D:14 (

Portals:
Trove: D:12 (give 6 scrolls of fear)

Annotations:
D:9 2 runed translucent doors


Innate Abilities, Weirdness & Mutations

You cannot wear most types of armour.
You are amphibious.
You can wear up to eight rings at the same time.
Your skin changes colour to match your surroundings (Stealth+).
Your rubbery body absorbs attacks. (AC +1, EV +1)
((You are camouflaged when in or above water. (Stealth+)))
You have tentacles for arms and can constrict up to eight enemies at once.
One of your tentacles bears a spike.
You are partially covered in iridescent scales. (AC +2)
You are agile. (Dex +4, Str/Int -1)
Your natural rate of healing is unusually fast.
You are occasionally teleported next to monsters.


Message History

You closely miss the human. You grab the human.
You pierce the human.
The human is lightly wounded.
You constrict the human. You puncture the human!
You pierce the human.
You squeeze the human.
The human is severely wounded.
You constrict the human.
The human is distracted by your dazzling golden aura.
You strike the helpless human from behind!
You puncture the human!
You kill the human!
You puncture the human! You grab the human.
You pierce the human.
The human is moderately wounded.
You constrict the human, but do no damage.
You hit the human.
The human is heavily wounded.
You constrict the human. The human completely misses you.
You hit the human. You squeeze the human!
The human is almost dead.
You constrict the human. You block the human's attack.
You puncture the human!
You kill the human!
The ironbound frostheart calls freezing cold from the walls.
The frost grips you!!!
You are encased in ice.
Reach: J) +9 trident of Circularity {speed, *Noise rElec rF++ MP+9}
Press: ? - help, Dir - move target, f - ironbound frostheart
Aim: an ironbound frostheart, wearing a +0 ring mail (about 20% to evade the +9 trident of Circularity)
You reach to attack!
You hit the ironbound frostheart.
Your trident of Circularity shouts out instructions!
The ironbound frostheart is lightly wounded.
You hear a shout!
The ironbound frostheart calls freezing cold from the walls.
The frost grips you!!
As you read the scroll of teleportation, it crumbles to dust.
You feel strangely unstable.
A vault guard comes into view. It is wielding a +0 bardiche.
The ironbound frostheart calls freezing cold from the walls.
The frost grips you!!!
You die...
Your body crumbles into a pile of gold.

.# #........... .#
#........... .#
#...........
.##########..........
.....................
.....##'###+#....###
.....#......#....#
.....#.....(#....#
.....#......#...@#
.....#......#...##
.....#......#..p#
.....#......#...p....#
.....#......#...'.....p
.....# #...'....##
.....# '...#..###
.....#+####.#...####
..........#.#......#


You could see an ironbound frostheart.

Vanquished Creatures
  Rupert (D:12)
  Kirke (D:12)
  Azrael (D:12)
  Josephine (D:12)
  3 hydras
  The ghost of dcssisdead the Grappler, a novice TrSh of Okawaru (D:9)
  2 boulder beetles
  An alligator (D:14)
  3 centaur warriors
  3 two-headed ogres
  Urug (D:12)
  2 deep elf pyromancers (D:9)
  Pikel (D:6)
  A shining eye (D:14)
  4 cyclopes
  A wolf spider (shapeshifter) (D:9)
  3 manticores
  4 ugly things
  A moth of wrath (D:9)
  A gargoyle (D:10)
  A torpor snail (D:12)
  2 unseen horrors (D:11)
  3 efreet
  2 komodo dragons
  A tengu conjurer (D:9)
  A freezing wraith (D:14)
  A yaktaur (shapeshifter) (D:13)
  3 meliai (D:14)
  2 trolls
  Grinder (D:4)
  Sigmund (D:6)
  14 slime creatures
  A shadow (D:10)
  8 wraiths
  2 vampires
  2 fire elementals (D:12)
  3 humans (D:14)
  21 yaks
  A wyvern (D:9)
  3 hogs (D:12)
  12 vampire mosquitoes
  A naga (D:7)
  An acid dragon (D:12)
  3 hell hounds
  4 water moccasins
  5 orc warriors
  2 sky beasts (D:6)
  An ogre (D:6)
  3 phantoms
  14 centaurs
  4 kobold brigands
  2 gnoll sergeants
  4 scorpions
  5 bullfrogs
  12 wights
  18 killer bees
  2 howler monkeys (D:6)
  7 hounds
  Crazy Yiuf (D:6)
  2 orc priests
  4 iguanas
  3 sleepcaps
  9 orc wizards
  A hound zombie (D:4)
  Robin (D:4)
  6 adders
  8 gnolls
  5 shadow imps
  2 white imps
  7 ufetubi
  3 adder zombies
  4 worms
  A dart slug (D:2)
  29 orcs
  7 ball pythons
  9 endoplasms
  3 giant cockroaches (Sewer)
  14 goblins
  5 hobgoblins
  6 jackals (D:1)
  4 quokkas
  2 ball python skeletons (Ossuary)
  7 bats
  4 frilled lizards
  A giant cockroach zombie (Sewer)
  2 hobgoblin zombies (Ossuary)
  21 kobolds
  2 kobold zombies (Ossuary)
  An orc skeleton (Ossuary)
  8 rats
391 creatures vanquished.

Vanquished Creatures (collateral kills)
  A slime creature (D:14)
1 creature vanquished.

Vanquished Creatures (others)
  A slime creature (D:14)
  A human (D:12)
  An orc wizard (D:6)
3 creatures vanquished.

Grand Total: 395 creatures vanquished

Notes
Turn   | Place    | Note
-------+----------+-------------------------------------------
     0 | D:1      | Ethylacetat the Octopode Gladiator began the quest for the
                  | Orb.
     0 | D:1      | Reached XP level 1. HP: 14/14 MP: 1/1
   150 | D:1      | Reached skill level 1 in Stealth
   181 | D:1      | Reached XP level 2. HP: 19/19 MP: 2/2
   322 | D:1      | Reached XP level 3. HP: 25/25 MP: 3/3
  1081 | D:2      | Reached XP level 4. HP: 26/30 MP: 4/4
  1538 | D:3      | Found a blossoming altar of Fedhas.
  2002 | D:4      | Found a sand-covered staircase.
  2007 | Ossuary  | Entered an ossuary
  2079 | Ossuary  | Reached skill level 3 in Fighting
  2094 | Ossuary  | Reached XP level 5. HP: 7/36 MP: 5/5
  2231 | Ossuary  | Noticed a flying skull
  2231 | Ossuary  | Noticed a wraith
  2242 | Ossuary  | Noticed a flying skull
  2383 | Ossuary  | Noticed a flying skull
  2399 | Ossuary  | Reached XP level 6. HP: 34/42 MP: 6/6
  2440 | Ossuary  | Noticed a wraith
  2450 | Ossuary  | Killed a wraith
  2586 | Ossuary  | Noticed a wraith
  2602 | Ossuary  | Killed a wraith
  2603 | Ossuary  | Reached skill level 4 in Fighting
  2603 | Ossuary  | Reached skill level 5 in Stealth
  2603 | Ossuary  | Reached XP level 7. HP: 43/48 MP: 7/7
  3060 | D:4      | Found a staircase to the Ecumenical Temple.
  3068 | Temple   | Entered the Ecumenical Temple
  3111 | D:4      | Reached skill level 5 in Dodging
  3199 | D:4      | Noticed Robin
  3210 | D:4      | Killed Robin
  3486 | D:4      | Noticed Grinder
  3492 | D:4      | Killed Grinder
  3493 | D:4      | Reached skill level 5 in Fighting
  3493 | D:4      | Reached XP level 8. HP: 46/55 MP: 8/8
  3833 | D:5      | Entered Level 5 of the Dungeon
  4076 | D:5      | Reached skill level 1 in Polearms
  4126 | D:5      | Found a glowing drain.
  4140 | Sewer    | Entered a sewer
  4241 | Sewer    | Found an ancient bone altar of Kikubaaqudgha.
  4428 | Sewer    | HP: 2/57 [phantom (6)]
  4431 | Sewer    | Gained mutation: Your natural rate of healing is unusually
                  | fast. [potion of mutation]
  4431 | Sewer    | Gained mutation: You are partially covered in iridescent
                  | scales. (AC +2) [potion of mutation]
  4431 | Sewer    | Gained mutation: One of your tentacles bears a spike.
                  | [potion of mutation]
  4431 | Sewer    | Gained mutation: You are agile. (Dex +4, Str/Int -1)
                  | [potion of mutation]
  4441 | Sewer    | Reached skill level 6 in Fighting
  4640 | D:5      | Reached XP level 9. HP: 63/63 MP: 9/9
  5461 | D:6      | Found a hazy altar of Hepliaklqana.
  5517 | D:6      | Noticed a two-headed ogre
  5545 | D:6      | Killed a two-headed ogre
  5546 | D:6      | Reached skill level 7 in Fighting
  5649 | D:6      | Found a runed translucent door.
  5650 | D:6      | Noticed Crazy Yiuf
  5659 | D:6      | Killed Crazy Yiuf
  5660 | D:6      | Reached skill level 5 in Polearms
  5760 | D:6      | Noticed Sigmund
  5762 | D:6      | Killed Sigmund
  5895 | D:7      | Noticed Pikel
  5907 | D:6      | Reached skill level 8 in Fighting
  5907 | D:6      | Reached XP level 10. HP: 72/72 MP: 10/10
  5912 | D:6      | Killed Pikel
  5967 | D:7      | Noticed Joseph
  6227 | D:7      | Identified the +0 chain mail of Curiosity {*Slow rN+ Slay+3
                  | SInv}
  6258 | D:7      | Found an opulent altar of Gozag.
  6275 | D:7      | Found Gozag's Platinum Reserve.
  6279 | D:7      | Became a worshipper of Gozag Ym Sagoz the Greedy
  6306 | D:7      | Joseph changed into Joseph the naga
  6306 | D:7      | Noticed Joseph
  6315 | D:7      | Killed Joseph the naga
  6627 | D:8      | Noticed a two-headed ogre
  6634 | D:8      | Killed a two-headed ogre
  6635 | D:8      | Reached skill level 9 in Fighting
  6716 | D:8      | Found a faded altar of an unknown god.
  6721 | D:8      | Identified the +9 trident of Circularity {speed, *Noise
                  | rElec rF++ MP+9}
  7248 | D:9      | Found a runed translucent door.
  7248 | D:9      | Noticed a cyan ugly thing
  7248 | D:9      | Noticed a centaur warrior
  7249 | D:9      | Found a runed translucent door.
  7249 | D:9      | Noticed a cyclops
  7249 | D:9      | Noticed a deep elf pyromancer
  7250 | D:9      | Found a runed translucent door.
  7250 | D:9      | Noticed a salamander
  7255 | D:9      | a salamander changed into a meliai
  7261 | D:9      | Noticed a brown ugly thing
  7262 | D:9      | Noticed a centaur warrior
  7265 | D:9      | Killed a brown ugly thing
  7266 | D:9      | Reached skill level 1 in Shapeshifting
  7268 | D:9      | Killed a centaur warrior
  7269 | D:9      | Reached XP level 11. HP: 56/80 MP: 11/11
  7281 | D:9      | Noticed a purple ugly thing
  7286 | D:9      | Killed a purple ugly thing
  7294 | D:9      | Noticed a deep elf pyromancer
  7301 | D:9      | Killed a deep elf pyromancer
  7304 | D:9      | Reached skill level 10 in Dodging
  7520 | D:9      | Found a transporter.
  7527 | D:9      | Found a transporter.
  7553 | D:9      | Noticed dcssisdead's ghost (novice TrSh)
  7553 | D:9      | Noticed a moth of wrath
  7554 | D:9      | Noticed a five-headed hydra
  7981 | D:9      | Noticed a steelbarb worm
  7989 | D:9      | a steelbarb worm changed into a wolf spider
  7989 | D:9      | Noticed a wolf spider (shapeshifter)
  8018 | D:9      | Killed a wolf spider
  8019 | D:9      | Reached skill level 10 in Fighting
  8025 | D:9      | Killed a centaur warrior
  8030 | D:9      | Killed a cyan ugly thing
  8041 | D:9      | Killed a deep elf pyromancer
  8043 | D:9      | Killed a cyclops
  8048 | D:9      | Reached skill level 5 in Shapeshifting
  8158 | D:10     | Entered Level 10 of the Dungeon
  8226 | D:10     | Reached XP level 12. HP: 69/88 MP: 12/12
  8618 | D:10     | Reached skill level 1 in Shields
  8732 | D:10     | Found a staircase to the Orcish Mines.
  8766 | D:10     | Found an ancient bone altar of Kikubaaqudgha.
  8766 | D:10     | Found a shadowy altar of Dithmenos.
  8766 | D:10     | Found a radiant altar of Vehumet.
  8807 | D:10     | Found a hide-covered altar of Uskayaw.
  9407 | D:11     | You fall into a shaft and drop 1 floor!
  9409 | D:12     | Found a portal to a secret trove of treasure.
  9438 | D:12     | Noticed Josephine
  9454 | D:12     | Killed Josephine
  9487 | D:12     | Noticed a boulder beetle
  9496 | D:12     | Noticed Azrael
  9825 | D:11     | Noticed a two-headed ogre
  9832 | D:11     | Killed a two-headed ogre
  9885 | D:11     | Found a staircase to the Lair.
 10480 | D:12     | Reached skill level 11 in Fighting
 10522 | D:12     | Killed Azrael
 10523 | D:12     | Reached skill level 5 in Shields
 10532 | D:12     | Noticed Urug
 10545 | D:12     | Killed Urug
 10700 | D:12     | Reached XP level 13. HP: 93/95 MP: 13/13
 10946 | D:12     | Noticed Kirke
 10965 | D:12     | Killed Kirke
 11081 | D:11     | Bought a scroll of poison for 60 gold pieces
 11081 | D:11     | Bought a scroll of fear for 60 gold pieces
 11081 | D:11     | Bought a scroll of revelation for 112 gold pieces
 11310 | D:12     | Noticed Rupert
 11333 | D:12     | Killed Rupert
 11334 | D:12     | Reached skill level 10 in Polearms
 12246 | D:9      | Killed dcssisdead's ghost
 12830 | D:14     | Found Gikas's Antique Weapon Emporium.
 13231 | D:14     | Gained mutation: You are occasionally teleported next to
                  | monsters. [a shining eye]
 13243 | D:14     | Reached XP level 14. HP: 90/102 MP: 14/14
 13310 | D:14     | Reached skill level 12 in Fighting
 13322 | D:14     | Killed from afar by an ironbound frostheart

Illustrated notes

Levels and vault maps discovered:
D:1:      wander_arrival_fairy_ring, layout_basic
D:2:      layout_basic, dk_noncrumbling_4, minmay_strange_pillars
D:3:      layout_basic, mainiacjoe_overflow_boulevard, bh_walls_and_bars
D:4:      layout_loops_ring, minmay_temple_entry_statues_fountains,
          enter_ossuary_5, serial_undead, serial_undead_b, serial_undead_a,
          serial_undead_b, serial_undead_f, nicolae_zen_rock_garden,
          dreamdust_princess_bridge, hangedman_decor_peaks_small, uniq_grinder,
          uniq_robin
D:5:      layout_basic, cheibrodos_sewer_entry_bend
D:6:      layout_basic, mainiacjoe_overflow_paths, hex_intersection,
          uniq_crazy_yiuf_cottage, uniq_sigmund
D:7:      layout_rooms, nicolae_gozag_zags_fifth_avenue,
          minmay_fractal_squares_diagonal_5, uniq_joseph, uniq_pikel
D:8:      layout_cave_pools, serial_column_ruins, column_ruins_temple_circle,
          column_ruins_hut_pillars, column_ruins_open_medium,
          column_ruins_corridor_T, column_ruins_open_tiny, column_ruins_grid_1,
          column_ruins_columns_corner
D:9:      minmay_the_grid_triangle_9x9_recursive_2_mashed
          [minmay_the_grid_triangle_9x9_prize_center,
          minmay_the_grid_triangle_9x9_steps,
          minmay_the_grid_triangle_9x9_fully_insulated_deathbox,
          minmay_the_grid_triangle_9x9_limited_checkers], layout_basic,
          gammafunk_ghost_berserking_beasts
D:10:     layout_roguey, amcnicky_altar_gilded,
          gammafunk_temple_overflow_forgotten, orc_0_dummy
D:11:     layout_irregular_city, david_lair_shrubbed
D:12:     layout_irregular_city, nicolae_trove_entry_crossroad, uniq_kirke,
          uniq_rupert, uniq_urug, uniq_josephine, uniq_azrael
D:13:     layout_basic
D:14:     layout_irregular_city, hellmonk_vaults_keyhole, grunt_decor_junction,
          serial_shops, shop
Temple:   regret_index_temple_waves

Skill      XL: |  1  2  3  4  5  6  7  8  9 10 11 12 13 14 |
---------------+-------------------------------------------+-----
Stealth        | 1 2 3 4 5 6 7 |  7.0
Fighting       | 3 4 5 6 8 9 10 11 12 | 12.0
Long Blades    | 4 |  4.8
Dodging        | 4 5 6 8 9 10 | 10.6
Polearms       | 3 5 7 8 9 10 | 10.6
Shapeshifting  | 2 5 7 9 |  9.3
Shields        | 5 8 |  8.7
Throwing       | |  2.0

Action                     |  1- 3 |  4- 6 |  7- 9 | 10-12 | 13-15 || total
---------------------------+-------+-------+-------+-------+-------++-------
  Melee: Long sword        |    64 |    69 |       |       |       ||   133
         Constrict         |    14 |    16 |    40 |    65 |    24 ||   159
         Tentacles         |    10 |    11 |    40 |   124 |   103 ||   288
         Punch             |     1 |     3 |     2 |    10 |    13 ||    29
         Halberd           |       |    25 |   245 |    99 |       ||   369
         Kick              |       |       |    18 |   180 |   173 ||   371
         Trident           |       |       |       |   446 |   365 ||   811
         War axe           |       |       |       |     4 |       ||     4
  Throw: Throwing net      |       |     2 |       |     1 |     1 ||     4
         Dart              |       |       |       |     2 |     1 ||     3
 Invoke: Call Merchant     |       |       |       |       |     1 ||     1
  Evoke: Wand              |       |       |     2 |     1 |     7 ||    10
    Use: Potion            |       |     5 |     5 |     4 |     1 ||    15
         Scroll            |       |       |       |     3 |     2 ||     5
   Stab: Sleeping          |    16 |    15 |    29 |    12 |     8 ||    80
         Distracted        |       |       |     3 |     7 |     7 ||    17
         Held in net/web   |       |       |       |     4 |     1 ||     5
 Armour: Skin              |     4 |    21 |    12 |    34 |     1 ||    72
  Dodge: Dodged            |    37 |    39 |   197 |   329 |   118 ||   720
  Block: Kite shield       |       |       |       |    60 |   117 ||   177

Table legend: (Time is in decaauts)
 A = Elapsed time spent in this place.
 B = Non-inter-level travel time spent in this place.
 C = Inter-level travel time spent in this place.
 D = Time resting spent in this place.
 E = Time spent auto-exploring this place.
 F = Levels seen in this place.
 G = Mean time per level.
                   A        B        C        D        E       F      G
               +--------+--------+--------+--------+--------+-----+--------+
         Total |  13217 |  12071 |   1146 |    416 |   8564 |  17 |  777.5 |
       Dungeon |  11994 |  10848 |   1146 |    240 |   7873 |  14 |  856.7 |
        Temple |      1 |      1 |      0 |      0 |      0 |   1 |    1.0 |
         Sewer |    450 |    450 |      0 |      0 |    280 |   1 |  450.0 |
       Ossuary |    770 |    770 |      0 |    176 |    410 |   1 |  770.0 |
               +--------+--------+--------+--------+--------+-----+--------+

Top non-repeatable levels by time:
     D:4: 1281 daAuts
    D:11: 1226 daAuts
     D:9: 1153 daAuts
     D:5: 1119 daAuts
    D:12: 1081 daAuts
     D:1: 950 daAuts
    D:13: 853 daAuts
 Ossuary: 770 daAuts
     D:6: 759 daAuts
    D:10: 751 daAuts
     D:8: 613 daAuts
     D:3: 594 daAuts
     D:7: 564 daAuts
    D:14: 535 daAuts
     D:2: 509 daAuts
